 Dungeon Crawl Stone Soup version 0.26-a0-639-g72c4674329 (webtiles) character file.

Game seed: 6411180350402844020

1669 Conn the Covert (level 9, -2/54 HPs)
             Began as an Octopode Hedge Wizard on Sept 20, 2020.
             Slain by a black bear (6 damage)
             ... on level 6 of the Dungeon.
             The game lasted 00:27:22 (7261 turns).

Conn the Covert (Octopode Hedge Wizard)             Turns: 7261, Time: 00:27:25

Health: -2/54      AC:  3    Str: 10    XL:     9   Next: 1%
Magic:  0/18       EV: 14    Int: 19    God:
Gold:   289        SH:  5    Dex: 11    Spells: 8/20 levels left

rFire    . . .     SeeInvis .   a - +3 dagger (speed)
rCold    . . .     Faith    .   (no shield)
rNeg     . . .     Spirit   .   o - +2 hat
rPois    +         Reflect  +   f - amulet of reflection
rElec    .         Harm     .   y - ring of poison resistance (curse)
rCorr    .         Rampage  .   (no ring)
MR       .....                  (no ring)
Stlth    +++++.....             (no ring)
HPRegen  0.18/turn              (no ring)
MPRegen  0.16/turn              (no ring)
                                (no ring)
                                (no ring)

@: flying
A: almost no armour, stealthy swim, amphibious, 8 rings, constrict 8, camouflage
1, gelatinous body 1
a: no special abilities


You were on level 6 of the Dungeon.
You visited 1 branch of the dungeon, and saw 6 of its levels.
You also visited: Sewer.

You collected 289 gold pieces.

Inventory:

Hand Weapons
 a - a +3 dagger of speed (weapon)
 b - a +1 flail of protection
 c - a +0 short sword
 h - a +0 dagger
 u - a +0 hunting sling
Missiles
 p - 32 poisoned darts (quivered)
 t - 45 sling bullets
Armour
 o - a +2 hat (worn)
Jewellery
 f - an amulet of reflection (around mantle)
 y - a cursed ring of poison resistance (left tentacle)
 B - an uncursed amulet of the acrobat
Wands
 v - a wand of acid (10)
 x - a wand of paralysis (1)
Scrolls
 e - 9 scrolls of identify
 l - a scroll of enchant armour
 m - a scroll of amnesia {unknown}
 n - a scroll of fog
 A - a scroll of remove curse
Potions
 d - a potion of invisibility {unknown}
 g - 4 potions of heal wounds {unknown}
 i - 5 potions of flight
 j - 5 potions of curing {unknown}
 k - a potion of berserk rage {unknown}
 q - a potion of cancellation {unknown}
 r - 2 potions of might
 w - 2 potions of brilliance {unknown}
 z - a potion of magic {unknown}


   Skills:
 + Level 2.2 Fighting
 + Level 3.5 Short Blades
 + Level 0.2 Throwing
 + Level 3.3 Dodging
 - Level 8.2 Stealth
 + Level 6.2 Spellcasting
 * Level 3.8 Conjurations
 + Level 2.4 Summonings
 + Level 1.1 Translocations
 + Level 0.1 Fire Magic
 + Level 1.7 Air Magic
 + Level 0.4 Poison Magic
 + Level 1.0 Evocations


You had 8 spell levels left.
You knew the following spells:

 Your Spells              Type           Power        Failure   Level
a - Magic Dart            Conj           ###.         2%          1
b - Blink                 Tloc           N/A          11%         2
c - Call Imp              Summ           ###.....     6%          2
d - Conjure Flame         Conj/Fire      ##......     14%         3
e - Mephitic Cloud        Conj/Pois/Air  ##......     14%         3
f - Summon Small Mammal   Summ           ###.         4%          1

Your spell library contained the following spells:

 Spells                   Type           Power        Failure   Level
 Apportation              Tloc           ##....       7%          1
 Animate Skeleton         Necr           #.....       11%         1
 Corona                   Hex            #......      11%         1
 Slow                     Hex            #.......     17%         2
 Gell's Gravitas          Tloc           ##........   21%         3
 Confusing Touch          Hex            #.......     32%         3
 Petrify                  Tmut/Erth      #.......     73%         4
 Metabolic Englaciation   Hex/Ice        #.........   97%         5
 Yara's Violent Unravell  Hex/Tmut       #.........   97%         5


Dungeon Overview and Level Annotations

Branches:
Dungeon (6/15)              Sewer (visited)
 Temple: D:4-7

Altars:
Ashenzari
Qazlal
Wu Jian
Xom
The Shining One

Shops:
D:4 *


Innate Abilities, Weirdness & Mutations

You cannot wear most types of armour.
You are very stealthy in the water. (Stealth+)
You are amphibious.
You can wear up to eight rings at the same time.
You can use your tentacles to constrict eight enemies at once.
Your skin changes colour to match your surroundings (Stealth+).
Your rubbery body absorbs attacks. (AC +1, EV +1)


Message History

The black bear bites you.
* * * LOW HITPOINT WARNING * * *
The black bear claws you.
* * * LOW HITPOINT WARNING * * *
The black bear closely misses you.
Casting: Magic Dart (safe; 2% risk of failure)
Confirm with . or Enter, or press ? or * to list all spells.
You blink.
Okay, then.
Okay, then.
Unknown command.
Unknown command.
Unknown command.
It was a potion of flight.
You feel very buoyant.
You fly up into the air.
You block the black bear's attack. The black bear claws you.
* * * LOW HITPOINT WARNING * * *
The black bear claws you.
You die...

### #.. #.# ..
#######.# #..
........#### ######.#
...........#####...##.#
#####..##..ยง..h.#.##.#
#..########@..##.#
#.........(......#
##.######..#.##..##
.... #..#.##(.<# #.####
#....()(#)# #
#.##.##..)#
......##..##
###..........
##########.#


You could see a black bear (berserk).

Vanquished Creatures
  A troll (D:5)
  Edmund (D:5)
  An ice beast (D:5)
  2 sky beasts
  An ogre (D:6)
  A phantom (D:5)
  A centaur (D:5)
  A big kobold (Sewer)
  Blork the orc (D:6)
  A scorpion (D:5)
  A howler monkey (D:5)
  2 bullfrog zombies (D:5)
  A hound (D:5)
  An orc priest (D:4)
  Terence (D:3)
  An orc wizard (D:4)
  A bullfrog skeleton (D:4)
  An iguana (D:5)
  3 worker ants (D:4)
  4 gnolls (D:5)
  11 adders
  A shadow imp (D:5)
  2 ufetubi
  2 oozes
  2 adder skeletons (D:5)
  3 worms (D:5)
  A dart slug (D:1)
  2 leopard geckos (D:4)
  8 orcs
  8 giant cockroaches
  14 goblins
  6 hobgoblins
  6 jackals
  2 quokkas
  4 ball pythons
  9 bats
  4 frilled lizards
  25 kobolds
  A leopard gecko skeleton (D:4)
  A leopard gecko zombie (D:5)
  18 rats
157 creatures vanquished.

Vanquished Creatures (collateral kills)
  An ogre (D:4)
  An orc wizard (D:4)
  An adder (D:4)
  An ooze (D:4)
  A worm (D:2)
  5 orcs (D:4)
10 creatures vanquished.

Vanquished Creatures (others)
  8 plants
8 creatures vanquished.

Grand Total: 175 creatures vanquished

Notes
Turn   | Place    | Note
-------+----------+-------------------------------------------
     0 | D:1      | Conn the Octopode Hedge Wizard began the quest for the Orb.
     0 | D:1      | Reached XP level 1. HP: 11/11 MP: 4/4
   156 | D:1      | Reached skill level 3 in Stealth
   156 | D:1      | Reached XP level 2. HP: 17/17 MP: 3/6
   160 | D:1      | Learned a level 2 spell: Blink
   163 | D:1      | Learned a level 2 spell: Call Imp
   570 | D:1      | Reached XP level 3. HP: 22/22 MP: 5/8
  1380 | D:2      | Reached XP level 4. HP: 27/27 MP: 9/9
  1785 | D:2      | Reached skill level 4 in Stealth
  1882 | D:2      | Found a shimmering altar of Xom.
  1888 | D:2      | Found a shimmering altar of Xom.
  1986 | D:3      | Noticed Terence
  2014 | D:3      | Killed Terence
  2014 | D:3      | Reached skill level 1 in Short Blades
  2257 | D:3      | Learned a level 3 spell: Conjure Flame
  2456 | D:3      | Reached XP level 5. HP: 21/32 MP: 10/10
  2696 | D:3      | Found an ornate altar of the Wu Jian Council.
  2904 | D:3      | Reached skill level 1 in Fighting
  3158 | D:3      | Learned a level 3 spell: Mephitic Cloud
  3414 | D:4      | Found Koycauv's Elemental Accessories.
  3555 | D:4      | Reached skill level 5 in Stealth
  3561 | D:4      | Reached XP level 6. HP: 31/38 MP: 6/12
  3564 | D:4      | Reached skill level 6 in Stealth
  3583 | D:4      | Learned a level 1 spell: Summon Small Mammal
  4456 | D:4      | Found a glowing golden altar of the Shining One.
  4465 | D:4      | Reached skill level 1 in Evocations
  4617 | D:4      | Reached XP level 7. HP: 43/43 MP: 8/14
  4858 | D:4      | Found a shattered altar of Ashenzari.
  4993 | D:5      | Entered Level 5 of the Dungeon
  5015 | D:5      | Noticed a troll
  5028 | D:5      | Reached skill level 5 in Spellcasting
  5055 | D:5      | Found a stormy altar of Qazlal.
  5511 | D:5      | Noticed Edmund
  5512 | D:5      | Found a glowing drain.
  5522 | Sewer    | Entered a sewer
  5803 | Sewer    | Reached XP level 8. HP: 44/50 MP: 14/16
  5969 | D:5      | Killed Edmund
  5969 | D:5      | Reached skill level 7 in Stealth
  6257 | D:5      | Killed a troll
  6339 | D:5      | Reached skill level 8 in Stealth
  7181 | D:6      | Noticed Blork the orc
  7184 | D:6      | Killed Blork the orc
  7237 | D:6      | Reached skill level 1 in Air Magic
  7237 | D:6      | Reached XP level 9. HP: 31/54 MP: 3/18
  7261 | D:6      | Slain by a black bear

Illustrated notes

Levels and vault maps discovered:
D:1:      dpeg_arrival_refuge, layout_basic, minmay_misc_feat_cross
D:2:      layout_basic, xom_redecorated, solitary_fountain
D:3:      minmay_razor_zed, layout_loops_corners, overflow_temple_1_default,
          uniq_terence
D:4:      layout_rooms, kennysheep_little_box, evilmike_ruin_ashenzari,
          hex_intersection, nicolae_elemental_shop, kennysheep_generic_room_10
D:5:      layout_loops_cross, cheibrodos_sewer_entry_drain, basic_altar,
          minmay_misc_feat_square, minmay_door_square, serial_bayou_pond_a,
          uniq_edmund
D:6:      layout_loops_ring, marbit_many_paths, lemuel_temple_firewalk_b,
          elyvilon_altar_1, uniq_blork_the_orc

Skill      XL: |  1  2  3  4  5  6  7  8 |
---------------+-------------------------+-----
Stealth        | 3 4 5 6 8 |  8.2
Short Blades   | 1 2 3 |  3.5
Fighting       | 1 2 |  2.2
Spellcasting   | 4 5 6 |  6.2
Evocations     | 1 |  1.0
Conjurations   | 2 3 |  3.8
Summonings     | 2 |  2.4
Dodging        | 3 |  3.3
Air Magic      | 1 |  1.7
Throwing       | |  0.2
Translocations | |  1.1
Fire Magic     | |  0.1
Poison Magic   | |  0.4

Action                   |  1- 3 |  4- 6 |  7- 9 || total
-------------------------+-------+-------+-------++-------
Melee: Short sword       |    29 |       |       ||    29
       Dagger            |    33 |   126 |   205 ||   364
       Constrict         |    19 |    23 |    24 ||    66
       Tentacles         |    10 |    15 |    42 ||    67
Throw: Dart              |       |       |    13 ||    13
 Cast: Magic Dart        |    16 |    69 |    82 ||   167
       Call Imp          |       |     6 |    10 ||    16
       Summon Small Mamm |       |     3 |     2 ||     5
       Blink             |       |     1 |     5 ||     6
       Conjure Flame     |       |       |     3 ||     3
       Mephitic Cloud    |       |       |     8 ||     8
Evoke: Wand              |       |     1 |       ||     1
  Use: Scroll            |       |     1 |     9 ||    10
       Potion            |       |       |     1 ||     1
 Stab: Sleeping          |    12 |    12 |    16 ||    40
       Confused          |       |       |     2 ||     2
       Distracted        |       |       |     1 ||     1
Armor: Skin              |     3 |     4 |     8 ||    15
Dodge: Dodged            |    25 |    47 |    64 ||   136
Block: Other             |       |       |    18 ||    18
       Reflection        |       |       |     1 ||     1

Table legend: (Time is in decaauts)
 A = Elapsed time spent in this place.
 B = Non-inter-level travel time spent in this place.
 C = Inter-level travel time spent in this place.
 D = Time resting spent in this place.
 E = Time spent auto-exploring this place.
 F = Levels seen in this place.
 G = Mean time per level.
                   A        B        C        D        E       F      G
               +--------+--------+--------+--------+--------+-----+--------+
         Total |   7121 |   7080 |     41 |   1808 |   2932 |   7 | 1017.3 |
       Dungeon |   6725 |   6684 |     41 |   1745 |   2870 |   6 | 1120.8 |
         Sewer |    396 |    396 |      0 |     63 |     62 |   1 |  396.0 |
               +--------+--------+--------+--------+--------+-----+--------+

Top non-repeatable levels by time:
     D:3: 1779 daAuts
     D:4: 1627 daAuts
     D:5: 1302 daAuts
     D:1: 1026 daAuts
     D:2: 912 daAuts
   Sewer: 396 daAuts
     D:6: 77 daAuts
